 Dungeon Crawl Stone Soup version 0.30-a0-165-g1891117ce2 (webtiles) character file.

Game seed: 3002802868375068884

43 qw the Chopper (level 3, 0/23 HPs)
             Began as a Gargoyle Fighter on Sept 28, 2022.
             Slain by Terence
             ... wielding a +0 morningstar
              (2 damage)
             ... on level 2 of the Dungeon.
             The game lasted 00:00:31 (1080 turns).

qw the Chopper (Gargoyle Fighter)                   Turns: 1080, Time: 00:00:31

Health: 0/23       AC: 11    Str: 21    XL:     3   Next: 58%
Magic:  3/3        EV:  9    Int:  8    God:
Gold:   59         SH:  4    Dex:  9    Spells: 2/2 levels left

rFire   . . .      SeeInvis .    Y - +1 war axe (flame)
rCold   . . .      Faith    .    c - +0 buckler
rNeg    + . .      Spirit   .    b - +0 scale mail
rPois   inf        Reflect  .    (no helmet)
rElec   +          Harm     .    (no cloak)
rCorr   .          Rampage  .    (no gloves)
Will    .....                    f - +0 pair of boots
Stlth   ..........               (no amulet)
HPRegen 0.07/turn                (no ring)
MPRegen 0.08/turn                (no ring)

@: no status effects
A: sickness immunity, AC +3, negative energy resistance 1, electricity
resistance, torment resistance 1, petrification resistance
a: no special abilities


You were on level 2 of the Dungeon.
You visited 1 branch of the dungeon, and saw 2 of its levels.

You collected 59 gold pieces.


Innate Abilities, Weirdness & Mutations

You are immune to sickness and miasma.
Your stone body is resilient. (AC +3)
You are immune to poison.
You resist negative energy. (rN+)
You are resistant to electric shocks. (rElec)
You are resistant to unholy torment.
You are immune to petrification.


   Skills:
 - Level 3.2 Fighting
 + Level 3.5 Axes
 - Level 3.2 Armour
 - Level 3.2 Shields


You had 2 spell levels left.
You didn't know any spells.
Your spell library was empty.

Inventory:

Hand Weapons
 Y - a +1 war axe of flaming (weapon)
Missiles
 a - 6 boomerangs (quivered)
Armour
 b - a +0 scale mail (worn)
 c - a +0 buckler (worn)
 f - a +0 pair of boots (worn)
Potions
 d - 2 potions of might
 e - a potion of curing
 g - a potion of attraction {unknown}
 l - a potion of mutation {unknown}
 m - a potion of heal wounds {unknown}
 o - a potion of magic {unknown}
 q - a potion of degeneration {unknown}

Dungeon Overview and Level Annotations

Branches:
Dungeon (2/15)

Altars:

Annotations:
D:2 Terence


Message History

The adder bites you.
You hit the adder. You burn the adder.
You kill the adder!
You start resting.
You feel your willpower return.
HP restored.
a - 6 boomerangs
d - 2 potions of might (gained 1)
You open the door.
Found a stone staircase leading down.
There is an open door here.
You now have 59 gold pieces (gained 5).
Terence the Incautious comes into view.
He is wielding a +0 morningstar.
Terence shouts!
Enter note:
Enter note: Throw: 6 boomerangs
Press: ? - help, Q - select action Shift-Dir - straight line, f - Terence You throw a boomerang.
The boomerang closely misses Terence.
Terence is nearby!
Throw: 6 boomerangs
Press: ? - help, Q - select action Shift-Dir - straight line, f/p - Terence You throw a boomerang.
The boomerang closely misses Terence.
You closely miss Terence. Terence hits you with a +0 morningstar.
Terence hits you with a +0 morningstar!
You barely miss Terence. Terence hits you but does no damage.
You hit Terence. You burn Terence.
Terence is lightly wounded.
Terence hits you but does no damage. Terence hits you with a +0 morningstar.
You barely miss Terence.
Terence is lightly wounded.
Terence hits you with a +0 morningstar!
You closely miss Terence.
Terence is lightly wounded.
Terence closely misses you.
You barely miss Terence.
Terence is lightly wounded.
Terence barely misses you. Terence hits you with a +0 morningstar.
You die...

#..................#######
#.........########.#
#.........# #####.#
######.##.##.# #....<#
##.......#.##.####.###.#
#........#.......# #.#
#........####.##.# # ..#
#........## #.##.#?#.###
#.##......# #.##@@...#
#.##.####.# #.#####.....
#.##.#....# #.# ....
#....#.#### #.# ...
######.# #.# .. #.# # ###


You could see Terence.

Vanquished Creatures
  An adder (D:2)
  2 dart slugs (D:1)
  2 endoplasms (D:1)
  A giant cockroach (D:1)
  2 hobgoblins (D:1)
  2 jackals (D:1)
  A quokka (D:1)
  4 ball pythons (D:1)
  5 frilled lizards (D:1)
  3 goblins (D:1)
  5 kobolds (D:1)
  3 rats
31 creatures vanquished.

Notes
Turn   | Place    | Note
-------+----------+-------------------------------------------
     0 | D:1      | qw the Gargoyle Fighter began the quest for the Orb.
     0 | D:1      | Reached XP level 1. HP: 14/14 MP: 1/1
     0 | D:1      | 0 ||| qw: Version: 0.2-a-12-gaebbb33
     0 | D:1      | 0 ||| qw: Game counter: 928
     0 | D:1      | 0 ||| qw: Always use a shield: true
     0 | D:1      | 0 ||| qw: God list: Okawaru
     0 | D:1      | 0 ||| qw: Allow faded altars: false
     0 | D:1      | 0 ||| qw: Do Orc after D:15 true
     0 | D:1      | 0 ||| qw: Do second Lair branch before Depths: true
     0 | D:1      | 0 ||| qw: Lair rune preference: random
     0 | D:1      | 0 ||| qw: Plans: Normal, Zot:1-4, God:TSO, Crypt, Tomb,
                  | Pan, Slime:5, Hells, Abyss, Orb
     0 | D:1      | 0 ||| PLANNING D:1-11
     5 | D:1      | 5 ||| Stepping ~*~*~tactically~*~*~ (hiding).
     7 | D:1      | 7 ||| Stepping ~*~*~tactically~*~*~ (hiding).
   104 | D:1      | 104 ||| Stepping ~*~*~tactically~*~*~ (stealth).
   105 | D:1      | 105 ||| Stepping ~*~*~tactically~*~*~ (stealth).
   106 | D:1      | 106 ||| Stepping ~*~*~tactically~*~*~ (stealth).
   111 | D:1      | Reached XP level 2. HP: 15/19 MP: 2/2
   282 | D:1      | 282 ||| Stepping ~*~*~tactically~*~*~ (stealth).
   410 | D:1      | 410 ||| Stepping ~*~*~tactically~*~*~ (stealth).
   415 | D:1      | 415 ||| Stepping ~*~*~tactically~*~*~ (stealth).
   417 | D:1      | 417 ||| Stepping ~*~*~tactically~*~*~ (stealth).
   418 | D:1      | 418 ||| Stepping ~*~*~tactically~*~*~ (stealth).
   420 | D:1      | 420 ||| Stepping ~*~*~tactically~*~*~ (stealth).
   421 | D:1      | 421 ||| Stepping ~*~*~tactically~*~*~ (stealth).
   438 | D:1      | 438 ||| Stepping ~*~*~tactically~*~*~ (hiding).
   632 | D:1      | Reached skill level 3 in Axes
   672 | D:1      | Reached XP level 3. HP: 22/23 MP: 3/3
   884 | D:1      | 884 ||| Stepping ~*~*~tactically~*~*~ (stealth).
   886 | D:1      | 886 ||| Stepping ~*~*~tactically~*~*~ (stealth).
   919 | D:1      | 919 ||| UPGRADING to +0 pair of boots.
   924 | D:1      | 924 ||| DROPPING amulet of magic regeneration.
   925 | D:1      | 925 ||| READING scroll labelled NITYPY OSEOGAO.
   926 | D:1      | 926 ||| READING scroll labelled EMANEU OFAMU.
   927 | D:1      | 927 ||| READING scroll labelled RUON TEIHU.
   928 | D:1      | 928 ||| READING scroll labelled GAMUF ANOGYNN.
   929 | D:1      | 929 ||| DROPPING +0 club.
   930 | D:1      | 930 ||| DRINKING 2 grey potions.
  1070 | D:2      | Noticed Terence
  1078 | D:2      | HP: 2/23 [Terence/+0 morningstar (7)]
  1080 | D:2      | Slain by Terence

Levels and vault maps discovered:
D:1:      heliophobic_arrival_henge, layout_rooms, minmay_pentomino_x2
D:2:      layout_basic, shapermc_ecumenical_altar_mp_urbaneastern, uniq_robin,
          uniq_sigmund, uniq_crazy_yiuf_cottage, uniq_jessica, uniq_terence

Skill      XL: |  1  2 |
---------------+-------+-----
Axes           | 2 3 |  3.5
Fighting       | |  3.2
Armour         | |  3.2
Shields        | |  3.2

Action                   || total
-------------------------++-------
Melee: War axe           ||    81
Throw: Boomerang         ||     2
  Use: Scroll            ||     4
       Potion            ||     1
Armor: Scale mail        ||    41
Dodge: Dodged            ||    30
Block: Buckler           ||    10

Table legend:
 A = Non-vault XP
 B = Vault XP
 C = Vault XP percentage of total XP
 D = Non-vault monster count
 E = Vault monster count
 F = Vault count percentage of total count
                 A         B        C        D         E       F
            +---------+---------+-------+---------+---------+-------
      Total |      59 |       3 |   4.8 |      29 |       2 |   6.5
            +---------+---------+-------+---------+---------+-------
        D:1 |      44 |       3 |   6.4 |      27 |       2 |   6.9
        D:2 |      15 |       0 |   0.0 |       2 |       0 |   0.0
            +---------+---------+-------+---------+---------+-------
